 Dungeon Crawl Stone Soup version 0.26-a0-651-gb41185065b (webtiles) character file.

Game seed: 10376152622639094031

1927 sking99 the Chopper (level 8, 0/75 HPs)
             Began as a Palentonga Fighter on Oct 14, 2020.
             Was a Believer of Makhleb.
             Slain by an orc warrior
             ... wielding a +0 long sword
              (17 damage)
             ... on level 5 of the Dungeon.
             The game lasted 00:16:46 (8949 turns).

sking99 the Chopper (Palentonga Fighter)            Turns: 8949, Time: 00:16:46

Health: 0/75       AC:  9    Str: 21    XL:     8   Next: 96%
Magic:  8/8        EV:  3    Int:  9    God:    Makhleb [**....]
Gold:   318        SH: 10    Dex: 10    Spells: 7/7 levels left

rFire    + . .     SeeInvis +   u - +0 broad axe
rCold    + . .     Faith    .   c - +0 kite shield
rNeg     . . .     Spirit   .   f - +0 plate armour
rPois    .         Reflect  .   (no helmet)
rElec    .         Harm     .   y - scarf {rC+ rF+}
rCorr    .         Rampage  .   (no gloves)
MR       .....                  (no barding)
Stlth    ..........             (no amulet)
HPRegen  0.22/turn              p - ring of stealth
MPRegen  0.11/turn              r - ring of stealth

@: no status effects
A: large, rugged brown scales 3, see invisible, deformed body, roll, armoured
tail
a: Rolling Charge, Minor Destruction, Renounce Religion


You were on level 5 of the Dungeon.
You worshipped Makhleb.
Makhleb was pleased with you.
You visited 2 branches of the dungeon, and saw 7 of its levels.

You collected 406 gold pieces.
You spent 88 gold pieces at shops.

Inventory:

Hand Weapons
 u - a +0 broad axe (weapon)
Armour
 c - a +0 kite shield (worn)
 f - a +0 plate armour (worn)
 x - a +0 cloak
 y - a scarf of resistance (worn)
Jewellery
 p - a ring of stealth (left hand)
 r - a ring of stealth (right hand)
Wands
 m - a wand of iceblast (7)
 v - a wand of enslavement (9)
Scrolls
 g - a scroll of blinking
 i - 5 scrolls of teleportation
 l - a scroll of remove curse
 o - 2 scrolls of amnesia
 t - a scroll of magic mapping
Potions
 a - a potion of berserk rage
 b - 2 potions of mutation
 d - 3 potions of might
 e - 2 potions of haste
 n - a potion of stabbing
 q - a potion of ambrosia
 s - 7 potions of curing
 w - a potion of heal wounds


   Skills:
 + Level 6.5 Fighting
 * Level 7.9 Axes
 - Level 3.4 Armour
 + Level 5.4 Shields


You had 7 spell levels left.
You didn't know any spells.
Your spell library was empty.

Dungeon Overview and Level Annotations

Branches:
Dungeon (6/15)             Temple (1/1) D:4

Altars:
Ashenzari
Cheibriados
Dithmenos
Elyvilon
Fedhas
Gozag
Hepliaklqana
Kikubaaqudgha
Makhleb
Nemelex Xobeh
Qazlal
Ru
Sif Muna
Uskayaw
Vehumet
Yredelemnul
Zin

Shops:
D:4 *

Annotations:
D:6 2 runed translucent doors, Arnot's ghost, novice GrFi


Innate Abilities, Weirdness & Mutations

You are completely covered in rugged brown scales. (AC +3, +7% HP)
You have supernaturally acute eyesight. (SInv)
Armour fits poorly on your strangely shaped body.
You can roll at foes to attack.
You have a long armoured tail.


Message History

Makhleb accepts your kill.
You can now harness Makhleb's destructive might.
You completely miss the orc warrior.
Your tail-slap misses the orc warrior.
The orc warrior is heavily wounded.
The orc warrior hits you but does no damage.
Things that are here:
a +0 robe; a +0 halberd
Things that are here:
a cursed +0 flail; a cursed +0 robe
There is a stone staircase leading up, spattered with blood here.
Your library has no spells.
The orc warrior hits you with a +0 long sword!
* * * LOW HITPOINT WARNING * * *
You climb upwards.
There is a stone staircase leading down here.
You slash the orc warrior!
You tail-slap the orc warrior, but do no damage.
The orc warrior is severely wounded.
The orc warrior hits you with a +0 long sword!
You die...

##########.###.#.....#.#.##.#
.....<.........#.###.#.#.##.#
##.#######.###.#.#.....#.##.#
#......##.# #...#.#.###.##.#
##......##.# #...#.#.....##.#
.#......##.# #...#.########.#
.#......##.###)#.#.#........#
.#......##........)#.#####..#
...............o@..#.# #..#
.###############.).#.# #..#
..................<..# #..#
##########.#####...#######..#
#......................# ##
#.....######...#######.#
.#####.....#................#
.#.........#.........########
.#.###....######.....##


You could see an orc warrior.

Vanquished Creatures
  A sky beast (D:5)
  A phantom (D:4)
  5 ogres
  4 scorpions
  A water moccasin skeleton (D:6)
  4 wights (D:6)
  A howler monkey (D:4)
  3 bullfrog zombies (D:5)
  4 hounds
  2 orc wizards (D:3)
  A jelly (D:6)
  2 orc priests (Temple)
  Jessica (D:2)
  4 worker ants
  2 iguanas
  15 gnolls
  7 adders
  2 ufetubi (D:5)
  3 oozes
  An adder skeleton (D:4)
  An adder zombie (D:6)
  2 worms
  4 dart slugs
  2 leopard geckos
  13 orcs
  4 ball pythons
  6 bats
  5 giant cockroaches
  2 gnoll zombies (D:3)
  7 goblins
  16 hobgoblins
  3 quokkas
  5 frilled lizards
  8 kobolds
  6 rats
148 creatures vanquished.

Vanquished Creatures (others)
  5 plants (D:4)
5 creatures vanquished.

Grand Total: 153 creatures vanquished

Notes
Turn   | Place    | Note
-------+----------+-------------------------------------------
     0 | D:1      | sking99 the Palentonga Fighter began the quest for the Orb.
     0 | D:1      | Reached XP level 1. HP: 20/20 MP: 1/1
   127 | D:1      | Reached XP level 2. HP: 23/27 MP: 2/2
   931 | D:2      | Noticed Jessica
  1275 | D:2      | Reached XP level 3. HP: 33/33 MP: 3/3
  1669 | D:2      | Reached XP level 4. HP: 34/40 MP: 4/4
  1801 | D:2      | Killed Jessica
  2342 | D:3      | Reached skill level 3 in Axes
  2413 | D:3      | Found a shimmering blue altar of Sif Muna.
  2472 | D:3      | Reached XP level 5. HP: 30/49 MP: 5/5
  3263 | D:3      | Reached XP level 6. HP: 34/55 MP: 6/6
  3471 | D:3      | Found a basalt altar of Yredelemnul.
  3848 | D:3      | Found a sparkling altar of Nemelex Xobeh.
  4272 | D:4      | Found a staircase to the Ecumenical Temple.
  4279 | D:4      | Reached skill level 4 in Axes
  4291 | Temple   | Entered the Ecumenical Temple
  4426 | Temple   | Became a worshipper of Makhleb the Destroyer
  4661 | D:4      | Reached XP level 7. HP: 19/64 MP: 7/7
  4891 | D:4      | Found Kinef's Assorted Antiques.
  5169 | Temple   | Reached skill level 5 in Axes
  5510 | D:4      | Bought a broad axe for 88 gold pieces
  5540 | D:4      | Reached skill level 5 in Fighting
  5829 | D:5      | Entered Level 5 of the Dungeon
  6288 | D:5      | Reached * piety under Makhleb
  6288 | D:5      | Reached skill level 6 in Axes
  6313 | D:5      | Reached XP level 8. HP: 73/73 MP: 8/8
  7591 | D:6      | Reached skill level 7 in Axes
  7591 | D:6      | Reached skill level 5 in Shields
  7982 | D:6      | Found a runed translucent door.
  7987 | D:6      | Noticed Arnot's ghost (novice GrFi)
  8031 | D:6      | Found a runed translucent door.
  8938 | D:6      | Reached ** piety under Makhleb
  8949 | D:5      | Slain by an orc warrior

Illustrated notes

Levels and vault maps discovered:
D:1:      wander_arrival_peaceful_grave, layout_basic
D:2:      layout_loops_corners, uniq_jessica
D:3:      layout_loops_corners, lemuel_blue_sif_altar,
          lemuel_zombie_altar_yredelemnul, hex_large,
          nemelex_xobeh_ov_fountains_minmay
D:4:      layout_cave_pools, minmay_temple_entry_junction_2, serial_shops,
          nicolae_shop_overgrown_old_shop
D:5:      layout_basic, corexii_item_surrounded_by_moat
D:6:      layout_basic, ebering_ghost_sewer_f
Temple:   regret_index_temple_waves

Skill      XL: |  1  2  3  4  5  6  7  8 |
---------------+-------------------------+-----
Shields        | 3 4 5 |  5.4
Armour         | 3 |  3.4
Axes           | 3 4 6 7 |  7.9
Fighting       | 4 5 6 |  6.5

Action                   |  1- 3 |  4- 6 |  7- 9 || total
-------------------------+-------+-------+-------++-------
Melee: War axe           |   121 |   223 |    21 ||   365
       Tailslap          |    10 |    27 |    31 ||    68
       Broad axe         |       |       |   211 ||   211
 Abil: Rolling Charge    |     1 |     5 |     1 ||     7
  Use: Scroll            |       |       |    14 ||    14
Armor: Scale mail        |    25 |       |       ||    25
       Plate armour      |    51 |   126 |   123 ||   300
Dodge: Dodged            |    12 |    23 |    18 ||    53
Block: Kite shield       |    58 |    96 |   144 ||   298

Table legend: (Time is in decaauts)
 A = Elapsed time spent in this place.
 B = Non-inter-level travel time spent in this place.
 C = Inter-level travel time spent in this place.
 D = Time resting spent in this place.
 E = Time spent auto-exploring this place.
 F = Levels seen in this place.
 G = Mean time per level.
                   A        B        C        D        E       F      G
               +--------+--------+--------+--------+--------+-----+--------+
         Total |   9177 |   8882 |    295 |   3589 |   3392 |   7 | 1311.0 |
       Dungeon |   8620 |   8370 |    250 |   3225 |   3288 |   6 | 1436.7 |
        Temple |    557 |    512 |     45 |    364 |    104 |   1 |  557.0 |
               +--------+--------+--------+--------+--------+-----+--------+

Top non-repeatable levels by time:
     D:5: 1869 daAuts
     D:4: 1698 daAuts
     D:3: 1668 daAuts
     D:2: 1460 daAuts
     D:1: 1205 daAuts
     D:6: 717 daAuts
  Temple: 557 daAuts
